 Dungeon Crawl Stone Soup version 0.27-a0-1299-g1ab19c6527 (webtiles) character file.

Game seed: 7427769579343110928

70 lunkers the Gusty (level 4, 0/24 HPs)
             Began as a Tengu Air Elementalist on June 16, 2021.
             Slain by Sigmund (14 damage)
             ... on level 2 of the Dungeon.
             The game lasted 00:06:56 (2134 turns).

lunkers the Gusty (Tengu Air Elementalist)          Turns: 2134, Time: 00:06:56

Health: 0/24       AC:  2    Str:  8    XL:     4   Next: 22%
Magic:  0/9        EV: 12    Int: 16    God:
Gold:   68         SH:  0    Dex: 15    Spells: 2/8 levels left

rFire    . . .     SeeInvis .   g - +1 dagger (venom)
rCold    . . .     Faith    .   (no shield)
rNeg     . . .     Spirit   .   a - +0 robe
rPois    .         Reflect  .   (helmet restricted)
rElec    .         Harm     .   (no cloak)
rCorr    .         Rampage  .   (no gloves)
Will     .....                  (boots unavailable)
Stlth    ++........             (no amulet)
HPRegen  0.08/turn              (no ring)
MPRegen  0.11/turn              (no ring)

@: very slightly contaminated
A: beak, talons 3
a: no special abilities


You were on level 2 of the Dungeon.
You visited 1 branch of the dungeon, and saw 2 of its levels.

You collected 68 gold pieces.

Inventory:

Hand Weapons
 g - a +1 dagger of venom (weapon)
Armour
 a - a +0 robe (worn)
Jewellery
 b - a ring of see invisible
Scrolls
 d - a scroll of fog {unknown}
 h - a scroll of vulnerability {unknown}
 j - a scroll of noise {unknown}
Potions
 c - a potion of brilliance {unknown}
 e - a potion of heal wounds {unknown}
 f - a potion of ambrosia {unknown}
 i - 2 potions of might {unknown}


   Skills:
 - Level 2.1 Dodging
 - Level 2.0 Stealth
 + Level 2.8 Spellcasting
 - Level 1.3 Conjurations
 * Level 5.8 Air Magic


You had 2 spell levels left.
You knew the following spells:

 Your Spells              Type           Power      Damage    Failure   Level
a - Shock                 Conj/Air       52%        1d6       4%          1
b - Static Discharge      Conj/Air       13%        N/A       7%          2
c - Swiftness             Air            21%        N/A       4%          3

Your spell library contained the following spells:

 Spells                   Type           Power      Damage    Failure   Level
 Corona                   Hex            2%         N/A       19%         1
 Ensorcelled Hibernation  Hex/Ice        4%         N/A       28%         2
 Airstrike                Air            10%        N/A       17%         4
 Dazzling Flash           Conj/Hex       8%         N/A       41%         3
 Confusing Touch          Hex            2%         N/A       50%         3
 Tukima's Dance           Hex            2%         N/A       50%         3
 Lightning Bolt           Conj/Air       6%         1d18      77%         5


Dungeon Overview and Level Annotations

Branches:
Dungeon (2/15)

Altars:

Shops:
D:1 [

Annotations:
D:2 Sigmund


Innate Abilities, Weirdness & Mutations

You have a beak for a mouth.
You have claws for feet.


Message History

An endoplasm comes into view.
You're too confused to move!
You feel less confused. Sigmund hits you with a +0 scythe.
Casting: Shock (safe; 4% risk of failure)
Confirm with . or Enter, or press ? or * to list all spells.
You miscast Static Discharge.
You are very lightly contaminated with residual magic.
Nothing appears to happen.
Sigmund closely misses you.
Unknown command.
Casting: Static Discharge (safe; 7% risk of failure)
Confirm with . or Enter, or press ? or * to list all spells.
Sigmund is struck by an arc of lightning.
Sigmund is heavily wounded.
The endoplasm is struck by an arc of lightning!
You kill the endoplasm!
The lightning grounds out.
Sigmund barely misses you.
Unknown command.
Unknown command.
Unknown command.
Casting: Static Discharge (safe; 7% risk of failure)
Confirm with . or Enter, or press ? or * to list all spells.
Sigmund is struck by an arc of lightning.
Sigmund is severely wounded.
You are struck by an arc of lightning.
* * * LOW HITPOINT WARNING * * *
The lightning grounds out.
Sigmund barely misses you.
Unknown command.
Unknown command.
Unknown command.
Unknown command.
Casting: Static Discharge (safe; 7% risk of failure)
Confirm with . or Enter, or press ? or * to list all spells.
Sigmund is struck by an arc of lightning.
Sigmund is almost dead.
The lightning grounds out.
* * * LOW MAGIC WARNING * * *
Sigmund hits you with a +0 scythe!
Ouch! That really hurt!
You die...

####### #.# ######## .#
#.######## #......####
##.# #.........
#.........# ...
########## #.........#
..# # #.........# ..#.##
#.........######.....#
#..................#.##
#.........####@........
###...[.....####@#.....#.
............##...####..#
.......###.###.##......#
.......# #.# #(# ...##..
######## #.. ... ...#
.###....†..# #.J.....#
#......##


You could see Sigmund.

Vanquished Creatures
  2 adders (D:2)
  3 dart slugs (D:1)
  4 ball pythons
  2 bats
  7 endoplasms
  3 giant cockroaches
  4 goblins
  2 hobgoblins (D:1)
  5 jackals (D:1)
  3 kobolds (D:1)
  A quokka (D:2)
  4 frilled lizards
  A rat (D:2)
41 creatures vanquished.

Notes
Turn   | Place    | Note
-------+----------+-------------------------------------------
     0 | D:1      | lunkers the Tengu Air Elementalist began the quest for the
                  | Orb.
     0 | D:1      | Reached XP level 1. HP: 10/10 MP: 4/4
   154 | D:1      | Reached XP level 2. HP: 9/15 MP: 0/6
   628 | D:1      | Learned a level 2 spell: Static Discharge
   795 | D:1      | Reached skill level 5 in Air Magic
   819 | D:1      | Reached XP level 3. HP: 19/19 MP: 4/7
  1040 | D:1      | Found a faded altar of an unknown god.
  1074 | D:1      | Found Azoost's Armour Emporium.
  1406 | D:2      | Noticed Sigmund
  1414 | D:1      | Learned a level 3 spell: Swiftness
  1975 | D:2      | Reached XP level 4. HP: 24/24 MP: 6/9
  2134 | D:2      | Slain by Sigmund

Illustrated notes

Levels and vault maps discovered:
D:1:      heliophobic_arrival_ceremonial_halls, layout_basic, serial_shops,
          nicolae_shop_waterfront, basic_ecumenical_altar
D:2:      layout_basic, uniq_sigmund, uniq_crazy_yiuf_cottage

Skill      XL: |  1  2 |
---------------+-------+-----
Air Magic      | 5 |  5.8
Dodging        | |  2.1
Stealth        | |  2.0
Spellcasting   | |  2.8
Conjurations   | |  1.3

Action                   |  1- 3 |  4- 6 || total
-------------------------+-------+-------++-------
Melee: Unarmed           |    11 |       ||    11
       Kick              |     2 |       ||     2
       Peck              |     1 |       ||     1
 Cast: Shock             |    79 |     7 ||    86
       Static Discharge  |     1 |     3 ||     4
Armor: Robe              |     7 |       ||     7
Dodge: Dodged            |    26 |     3 ||    29

Table legend: (Time is in decaauts)
 A = Elapsed time spent in this place.
 B = Non-inter-level travel time spent in this place.
 C = Inter-level travel time spent in this place.
 D = Time resting spent in this place.
 E = Time spent auto-exploring this place.
 F = Levels seen in this place.
 G = Mean time per level.
                   A        B        C        D        E       F      G
               +--------+--------+--------+--------+--------+-----+--------+
         Total |   2135 |   2059 |     76 |    248 |   1525 |   2 | 1067.5 |
       Dungeon |   2135 |   2059 |     76 |    248 |   1525 |   2 | 1067.5 |
               +--------+--------+--------+--------+--------+-----+--------+

Top non-repeatable levels by time:
     D:1: 1530 daAuts
     D:2: 604 daAuts
